Unix NetHack Version 5.0.0-0 post-release - last build May  3 2026 23:40:34 (9823c992c0763bbd039eca2974112f46eaf799b3,branch:main).

Game began 2026-05-04 06:53:54, ended 2026-05-04 07:15:22.

1142425678, neutral female human Healer

                          ---
                         --..
                      -- |...----
                     --.--......|
                     |..........---
                      -...........-
                  ------..........h
                   ?..............
                      -..........--
                        -...h....)|
                        |.....@)).--         |
                        --.........---      .|
                         |.....<...G.........-
                         --................|
                         ................---
                        |.......--..........
                        ---.....  ...--..-.`-
                          --..... ...-  ..
                           ----.. .`..   ..|
                              --. - ---   --
                                --
1142425678 the Rhizotomist   St:8 Dx:10 Co:14 In:9 Wi:18 Ch:16  Neutral
Dlvl:3  $:1963 HP:0(18) Pw:5(5) AC:8  Xp:1 T:269 

Latest messages:
 You see here a splint mail.
 You see here a statue of a sewer rat.
 You see here a splint mail.
 You have a little trouble lifting a splint mail.  Continue? [ynq] (q) n
 The door opens.
 The door resists!
 The door opens.
 You see here a broad pick.
 o - a broad pick.
 The door resists!
 The door opens.
 The door resists!
 The door resists!
 The door resists!
 The door resists!
 The door opens.
 You see here 3 gold pieces.
 $ - 3 gold pieces (1963 in total).
 You descend the stairs.
 The gnome lord drinks a fizzy potion!
 Suddenly you cannot see the gnome lord.
 The hobbit picks up a gem.
 The gnome picks up a gem.
 You are hit by an arrow.
 You have no ammunition readied.
 What do you want to fire? [$o or ?*] *
 Never mind.
 The gnome lord wields a bow!
 You are hit by an arrow.
 You are hit by an arrow.
 What do you want to drink? [defg or ?*] *
 Never mind.
 What do you want to drink? [defg or ?*] g
 You feel much better.
 You hit the gnome.
 You are hit by an arrow.
 You are hit by an arrow.
 The gnome hits!
 You kill the gnome!
 You see here a violet gem.
 The dwarf throws a dagger!
 You are hit by a dagger.
 An arrow misses you.
 You are hit by an arrow.
 You die...
 Do you want your possessions identified? [ynq] (y) y
 Do you want to see your attributes? [ynq] (y) y
 Do you want an account of creatures vanquished? [ynaq] (y) y
 Do you want to see your conduct and achievements? [ynq] (y) y
 Do you want to see the dungeon overview? [ynq] (y) y

Inventory:
 Coins    ('$')
  $ - 1963 gold pieces
 Weapons  (')')
  a - a +0 scalpel (weapon in right hand)
  o - a +0 dwarvish mattock
 Armor    ('[')
  b - an uncursed +1 pair of leather gloves (being worn)
 Comestibles  ('%')
  i - 5 uncursed apples
  n - an uncursed food ration
  m - an uncursed tripe ration
 Spellbooks  ('+')
  j - a blessed spellbook of extra healing
  l - a blessed spellbook of healing
  k - a blessed spellbook of stone to flesh
 Potions  ('!')
  f - 3 uncursed potions of extra healing
  d - 2 blessed potions of healing
  e - 2 uncursed potions of healing
 Wands    ('/')
  h - a wand of sleep (0:6)
 Tools    ('(')
  c - an uncursed stethoscope

1142425678 the Healer's attributes:

Background:
 You were a Rhizotomist, a level 1 female human Healer.
 You were neutral, on a mission for Hermes
 who was opposed by Athena (lawful) and Poseidon (chaotic).
 You were right-handed.
 You were in the Gnomish Mines, on level 3.
 You entered the dungeon 269 turns ago.
 There was a full moon in effect when your adventure ended.
 You had 8 experience points, 12 more were needed to attain level 2.

Basics:
 You had 0 out of 18 hit points.
 You had all 5 energy points (spell power).
 Your armor class was 8.
 Your wallet contained 1963 zorkmids.
 Autopickup was off.

Final Characteristics:
 Your strength was 8 (limit:18/100).
 Your dexterity was 10 (limit:18).
 Your constitution was 14 (limit:18).
 Your intelligence was 9 (limit:18).
 Your wisdom was 18 (limit:18).
 Your charisma was 16 (limit:18).

Final Status:
 You weren't hungry.
 You were unencumbered.
 You were wielding a knife.
 You had basic skill with knife.

Final Attributes:
 You were fervently aligned.
 You were poison resistant.
 You were lucky.
 You are dead.

Miscellaneous:
 You didn't encounter any bones levels.
 Total elapsed playing time was 21 minutes and 24 seconds.

Major events:
 Turn
    1: 1142425678 the neutral female human Healer entered the dungeon
  257: entered the Gnomish Mines
  269: killed by an arrow

Spells:
 Name                 Level Category     Fail Retention
 healing                1   healing        0%  91%-100%
 extra healing          3   healing       39%  91%-100%
 stone to flesh         3   healing       51%  91%-100%

Skills:
 Fighting Skills
   bare handed combat [Unskilled]
 Weapon Skills
   dagger             [Unskilled]
   knife              [Basic]
   short sword        [Unskilled]
   saber              [Unskilled]
   club               [Unskilled]
   mace               [Unskilled]
   quarterstaff       [Unskilled]
   polearms           [Unskilled]
   spear              [Unskilled]
   trident            [Unskilled]
   sling              [Unskilled]
   dart               [Unskilled]
   shuriken           [Unskilled]
   unicorn horn       [Unskilled]
 Spellcasting Skills
   healing spells     [Basic]

Voluntary challenges:
 Character rerolling was not enabled.
 You went without food.
 You were an atheist.
 You were illiterate.
 You never genocided any monsters.
 You never polymorphed an object.
 You never changed form.
 You used no wishes.
Achievement:
 You entered the Gnomish Mines.

 The Dungeons of Doom: levels 1 to 2
    Level 1:
       A fountain, a grave.
    Level 2:
       Stairs down to The Gnomish Mines.
 The Gnomish Mines:
    Level 3: <- You were here.
       Final resting place for
          you, killed by an arrow.


Vanquished creatures:
  a gnome
  a jackal
2 creatures vanquished.

No species were genocided or became extinct.

Game over:
                       ----------
                      /          \
                     /    REST    \
                    /      IN      \
                   /     PEACE      \
                  /                  \
                  |    1142425678    |
                  |     1963 Au      |
                  |   killed by an   |
                  |      arrow       |
                  |                  |
                  |                  |
                  |       2026       |
                 *|     *  *  *      | *
        _________)/\\_//(\/(/\)/\//\/|_)_______

Goodbye 1142425678 the Healer...

You died in The Gnomish Mines on dungeon level 3 with 150 points,
and 1963 pieces of gold, after 269 moves.
You were level 1 with a maximum of 18 hit points when you died.

